Workbook

Sheet Januar
A1: Haushaltsbuch
A3: Einnahmen | H3: =SUM(C5:C8)+SUM(F5:G8) -> 0
A5: Lohn/Rente | D5: Miete
A6: Nebenjob | D6: Sonstiges
A7: Kindergeld | D7: Sonstiges
A8: Unterhalt | D8: Sonstiges
A10: Ausgaben Fixkosten | H10: =SUM(C12:C15)+SUM(F12:G15) -> 0
A12: Haus / Miete | D12: Taschengeld
A13: Nebenkosten | D13: Sparverträge
A14: Kfz-Kosten | D14: Sonstiges
A15: Versicherungen | D15: Sonstiges
A16: 43101
B17: Laufende Kosten
A19: Datum | B19: Lebensmittel | C19: Kleidung | D19: Kfz-Kosten | E19: Freizeit | F19: Sonstiges | G19: Sonstiges | H19: Gesamt
A20: =A16 -> 43101 | H20: =SUM(B20:G20) -> 0
A21: =A20+1 -> 43102 | H21: =SUM(B21:G21) -> 0
A22: =A21+1 -> 43103 | H22: =SUM(B22:G22) -> 0
A23: =A22+1 -> 43104 | H23: =SUM(B23:G23) -> 0
A24: =A23+1 -> 43105 | H24: =SUM(B24:G24) -> 0
A25: =A24+1 -> 43106 | H25: =SUM(B25:G25) -> 0
A26: =A25+1 -> 43107 | H26: =SUM(B26:G26) -> 0
A27: =A26+1 -> 43108 | H27: =SUM(B27:G27) -> 0
A28: =A27+1 -> 43109 | H28: =SUM(B28:G28) -> 0
A29: =A28+1 -> 43110 | H29: =SUM(B29:G29) -> 0
A30: =A29+1 -> 43111 | H30: =SUM(B30:G30) -> 0
A31: =A30+1 -> 43112 | H31: =SUM(B31:G31) -> 0
A32: =A31+1 -> 43113 | H32: =SUM(B32:G32) -> 0
... A50: =A49+1 -> 43131 | H50: =SUM(B50:G50) -> 0
B51: =SUM(B20:B50) -> 0 | C51: =SUM(C20:C50) -> 0 | D51: =SUM(D20:D50) -> 0 | E51: =SUM(E20:E50) -> 0 | F51: =SUM(F20:F50) -> 0 | G51: =SUM(G20:G50) -> 0 | H51: =SUM(H20:H50) -> 0

Sheet Februar
A1: Haushaltsbuch
A3: Einnahmen | H3: =SUM(C5:C8)+SUM(F5:G8) -> 0
A5: Lohn/Rente | D5: Miete
A6: Nebenjob | D6: Sonstiges
A7: Kindergeld | D7: Sonstiges
A8: Unterhalt | D8: Sonstiges
A10: Ausgaben Fixkosten | H10: =SUM(C12:C15)+SUM(F12:G15) -> 0
A12: Haus / Miete | D12: Taschengeld
A13: Nebenkosten | D13: Sparverträge
A14: Kfz-Kosten | D14: Sonstiges
A15: Versicherungen | D15: Sonstiges
A16: 43132
B17: Laufende Kosten
A19: Datum | B19: Lebensmittel | C19: Kleidung | D19: Kfz-Kosten | E19: Freizeit | F19: Sonstiges | G19: Sonstiges | H19: Gesamt
A20: =A16 -> 43132 | H20: =SUM(B20:G20) -> 0
A21: =A20+1 -> 43133 | H21: =SUM(B21:G21) -> 0
A22: =A21+1 -> 43134 | H22: =SUM(B22:G22) -> 0
A23: =A22+1 -> 43135 | H23: =SUM(B23:G23) -> 0
A24: =A23+1 -> 43136 | H24: =SUM(B24:G24) -> 0
A25: =A24+1 -> 43137 | H25: =SUM(B25:G25) -> 0
A26: =A25+1 -> 43138 | H26: =SUM(B26:G26) -> 0
A27: =A26+1 -> 43139 | H27: =SUM(B27:G27) -> 0
A28: =A27+1 -> 43140 | H28: =SUM(B28:G28) -> 0
A29: =A28+1 -> 43141 | H29: =SUM(B29:G29) -> 0
A30: =A29+1 -> 43142 | H30: =SUM(B30:G30) -> 0
A31: =A30+1 -> 43143 | H31: =SUM(B31:G31) -> 0
A32: =A31+1 -> 43144 | H32: =SUM(B32:G32) -> 0
... A47: =A46+1 -> 43159 | H47: =SUM(B47:G47) -> 0
H48: =SUM(H20:H47) -> 0

Sheet März
A1: Haushaltsbuch
A3: Einnahmen | H3: =SUM(C5:C8)+SUM(F5:G8) -> 0
A5: Lohn/Rente | D5: Miete
A6: Nebenjob | D6: Sonstiges
A7: Kindergeld | D7: Sonstiges
A8: Unterhalt | D8: Sonstiges
A10: Ausgaben Fixkosten | H10: =SUM(C12:C15)+SUM(F12:G15) -> 0
A12: Haus / Miete | D12: Taschengeld
A13: Nebenkosten | D13: Sparverträge
A14: Kfz-Kosten | D14: Sonstiges
A15: Versicherungen | D15: Sonstiges
A16: 43160
B17: Laufende Kosten
A19: Datum | B19: Lebensmittel | C19: Kleidung | D19: Kfz-Kosten | E19: Freizeit | F19: Sonstiges | G19: Sonstiges | H19: Gesamt
A20: =A16 -> 43160 | H20: =SUM(B20:G20) -> 0
A21: =A20+1 -> 43161 | H21: =SUM(B21:G21) -> 0
A22: =A21+1 -> 43162 | H22: =SUM(B22:G22) -> 0
A23: =A22+1 -> 43163 | H23: =SUM(B23:G23) -> 0
A24: =A23+1 -> 43164 | H24: =SUM(B24:G24) -> 0
A25: =A24+1 -> 43165 | H25: =SUM(B25:G25) -> 0
A26: =A25+1 -> 43166 | H26: =SUM(B26:G26) -> 0
A27: =A26+1 -> 43167 | H27: =SUM(B27:G27) -> 0
A28: =A27+1 -> 43168 | H28: =SUM(B28:G28) -> 0
A29: =A28+1 -> 43169 | H29: =SUM(B29:G29) -> 0
A30: =A29+1 -> 43170 | H30: =SUM(B30:G30) -> 0
A31: =A30+1 -> 43171 | H31: =SUM(B31:G31) -> 0
A32: =A31+1 -> 43172 | H32: =SUM(B32:G32) -> 0
... A50: =A49+1 -> 43190 | H50: =SUM(B50:G50) -> 0
B51: =SUM(B20:B50) -> 0 | C51: =SUM(C20:C50) -> 0 | D51: =SUM(D20:D50) -> 0 | E51: =SUM(E20:E50) -> 0 | F51: =SUM(F20:F50) -> 0 | G51: =SUM(G20:G50) -> 0 | H51: =SUM(H20:H50) -> 0

Sheet April
A1: Haushaltsbuch
A3: Einnahmen | H3: =SUM(C5:C8)+SUM(F5:G8) -> 0
A5: Lohn/Rente | D5: Miete
A6: Nebenjob | D6: Sonstiges
A7: Kindergeld | D7: Sonstiges
A8: Unterhalt | D8: Sonstiges
A10: Ausgaben Fixkosten | H10: =SUM(C12:C15)+SUM(F12:G15) -> 0
A12: Haus / Miete | D12: Taschengeld
A13: Nebenkosten | D13: Sparverträge
A14: Kfz-Kosten | D14: Sonstiges
A15: Versicherungen | D15: Sonstiges
A16: 43191
B17: Laufende Kosten
A19: Datum | B19: Lebensmittel | C19: Kleidung | D19: Kfz-Kosten | E19: Freizeit | F19: Sonstiges | G19: Sonstiges | H19: Gesamt
A20: =A16 -> 43191 | H20: =SUM(B20:G20) -> 0
A21: =A20+1 -> 43192 | H21: =SUM(B21:G21) -> 0
A22: =A21+1 -> 43193 | H22: =SUM(B22:G22) -> 0
A23: =A22+1 -> 43194 | H23: =SUM(B23:G23) -> 0
A24: =A23+1 -> 43195 | H24: =SUM(B24:G24) -> 0
A25: =A24+1 -> 43196 | H25: =SUM(B25:G25) -> 0
A26: =A25+1 -> 43197 | H26: =SUM(B26:G26) -> 0
A27: =A26+1 -> 43198 | H27: =SUM(B27:G27) -> 0
A28: =A27+1 -> 43199 | H28: =SUM(B28:G28) -> 0
A29: =A28+1 -> 43200 | H29: =SUM(B29:G29) -> 0
A30: =A29+1 -> 43201 | H30: =SUM(B30:G30) -> 0
A31: =A30+1 -> 43202 | H31: =SUM(B31:G31) -> 0
A32: =A31+1 -> 43203 | H32: =SUM(B32:G32) -> 0
... A49: =A48+1 -> 43220 | H49: =SUM(B49:G49) -> 0
H50: =SUM(H20:H49) -> 0

Sheet Mai
A1: Haushaltsbuch
A3: Einnahmen | H3: =SUM(C5:C8)+SUM(F5:G8) -> 0
A5: Lohn/Rente | D5: Miete
A6: Nebenjob | D6: Sonstiges
A7: Kindergeld | D7: Sonstiges
A8: Unterhalt | D8: Sonstiges
A10: Ausgaben Fixkosten | H10: =SUM(C12:C15)+SUM(F12:G15) -> 0
A12: Haus / Miete | D12: Taschengeld
A13: Nebenkosten | D13: Sparverträge
A14: Kfz-Kosten | D14: Sonstiges
A15: Versicherungen | D15: Sonstiges
A16: 43221
B17: Laufende Kosten
A19: Datum | B19: Lebensmittel | C19: Kleidung | D19: Kfz-Kosten | E19: Freizeit | F19: Sonstiges | G19: Sonstiges | H19: Gesamt
A20: =A16 -> 43221 | H20: =SUM(B20:G20) -> 0
A21: =A20+1 -> 43222 | H21: =SUM(B21:G21) -> 0
A22: =A21+1 -> 43223 | H22: =SUM(B22:G22) -> 0
A23: =A22+1 -> 43224 | H23: =SUM(B23:G23) -> 0
A24: =A23+1 -> 43225 | H24: =SUM(B24:G24) -> 0
A25: =A24+1 -> 43226 | H25: =SUM(B25:G25) -> 0
A26: =A25+1 -> 43227 | H26: =SUM(B26:G26) -> 0
A27: =A26+1 -> 43228 | H27: =SUM(B27:G27) -> 0
A28: =A27+1 -> 43229 | H28: =SUM(B28:G28) -> 0
A29: =A28+1 -> 43230 | H29: =SUM(B29:G29) -> 0
A30: =A29+1 -> 43231 | H30: =SUM(B30:G30) -> 0
A31: =A30+1 -> 43232 | H31: =SUM(B31:G31) -> 0
A32: =A31+1 -> 43233 | H32: =SUM(B32:G32) -> 0
... A50: =A49+1 -> 43251 | H50: =SUM(B50:G50) -> 0
B51: =SUM(B20:B50) -> 0 | C51: =SUM(C20:C50) -> 0 | D51: =SUM(D20:D50) -> 0 | E51: =SUM(E20:E50) -> 0 | F51: =SUM(F20:F50) -> 0 | G51: =SUM(G20:G50) -> 0 | H51: =SUM(H20:H50) -> 0

Sheet Juni
A1: Haushaltsbuch
A3: Einnahmen | H3: =SUM(C5:C8)+SUM(F5:G8) -> 0
A5: Lohn/Rente | D5: Miete
A6: Nebenjob | D6: Sonstiges
A7: Kindergeld | D7: Sonstiges
A8: Unterhalt | D8: Sonstiges
A10: Ausgaben Fixkosten | H10: =SUM(C12:C15)+SUM(F12:G15) -> 0
A12: Haus / Miete | D12: Taschengeld
A13: Nebenkosten | D13: Sparverträge
A14: Kfz-Kosten | D14: Sonstiges
A15: Versicherungen | D15: Sonstiges
A16: 43252
B17: Laufende Kosten
A19: Datum | B19: Lebensmittel | C19: Kleidung | D19: Kfz-Kosten | E19: Freizeit | F19: Sonstiges | G19: Sonstiges | H19: Gesamt
A20: =A16 -> 43252 | H20: =SUM(B20:G20) -> 0
A21: =A20+1 -> 43253 | H21: =SUM(B21:G21) -> 0
A22: =A21+1 -> 43254 | H22: =SUM(B22:G22) -> 0
A23: =A22+1 -> 43255 | H23: =SUM(B23:G23) -> 0
A24: =A23+1 -> 43256 | H24: =SUM(B24:G24) -> 0
A25: =A24+1 -> 43257 | H25: =SUM(B25:G25) -> 0
A26: =A25+1 -> 43258 | H26: =SUM(B26:G26) -> 0
A27: =A26+1 -> 43259 | H27: =SUM(B27:G27) -> 0
A28: =A27+1 -> 43260 | H28: =SUM(B28:G28) -> 0
A29: =A28+1 -> 43261 | H29: =SUM(B29:G29) -> 0
A30: =A29+1 -> 43262 | H30: =SUM(B30:G30) -> 0
A31: =A30+1 -> 43263 | H31: =SUM(B31:G31) -> 0
A32: =A31+1 -> 43264 | H32: =SUM(B32:G32) -> 0
... A49: =A48+1 -> 43281 | H49: =SUM(B49:G49) -> 0
H50: =SUM(H20:H49) -> 0

Sheet Juli
A1: Haushaltsbuch
A3: Einnahmen | H3: =SUM(C5:C8)+SUM(F5:G8) -> 0
A5: Lohn/Rente | D5: Miete
A6: Nebenjob | D6: Sonstiges
A7: Kindergeld | D7: Sonstiges
A8: Unterhalt | D8: Sonstiges
A10: Ausgaben Fixkosten | H10: =SUM(C12:C15)+SUM(F12:G15) -> 0
A12: Haus / Miete | D12: Taschengeld
A13: Nebenkosten | D13: Sparverträge
A14: Kfz-Kosten | D14: Sonstiges
A15: Versicherungen | D15: Sonstiges
A16: 43282
B17: Laufende Kosten
A19: Datum | B19: Lebensmittel | C19: Kleidung | D19: Kfz-Kosten | E19: Freizeit | F19: Sonstiges | G19: Sonstiges | H19: Gesamt
A20: =A16 -> 43282 | H20: =SUM(B20:G20) -> 0
A21: =A20+1 -> 43283 | H21: =SUM(B21:G21) -> 0
A22: =A21+1 -> 43284 | H22: =SUM(B22:G22) -> 0
A23: =A22+1 -> 43285 | H23: =SUM(B23:G23) -> 0
A24: =A23+1 -> 43286 | H24: =SUM(B24:G24) -> 0
A25: =A24+1 -> 43287 | H25: =SUM(B25:G25) -> 0
A26: =A25+1 -> 43288 | H26: =SUM(B26:G26) -> 0
A27: =A26+1 -> 43289 | H27: =SUM(B27:G27) -> 0
A28: =A27+1 -> 43290 | H28: =SUM(B28:G28) -> 0
A29: =A28+1 -> 43291 | H29: =SUM(B29:G29) -> 0
A30: =A29+1 -> 43292 | H30: =SUM(B30:G30) -> 0
A31: =A30+1 -> 43293 | H31: =SUM(B31:G31) -> 0
A32: =A31+1 -> 43294 | H32: =SUM(B32:G32) -> 0
... A50: =A49+1 -> 43312 | H50: =SUM(B50:G50) -> 0
B51: =SUM(B20:B50) -> 0 | C51: =SUM(C20:C50) -> 0 | D51: =SUM(D20:D50) -> 0 | E51: =SUM(E20:E50) -> 0 | F51: =SUM(F20:F50) -> 0 | G51: =SUM(G20:G50) -> 0 | H51: =SUM(H20:H50) -> 0

Sheet August
A1: Haushaltsbuch
A3: Einnahmen | H3: =SUM(C5:C8)+SUM(F5:G8) -> 0
A5: Lohn/Rente | D5: Miete
A6: Nebenjob | D6: Sonstiges
A7: Kindergeld | D7: Sonstiges
A8: Unterhalt | D8: Sonstiges
A10: Ausgaben Fixkosten | H10: =SUM(C12:C15)+SUM(F12:G15) -> 0
A12: Haus / Miete | D12: Taschengeld
A13: Nebenkosten | D13: Sparverträge
A14: Kfz-Kosten | D14: Sonstiges
A15: Versicherungen | D15: Sonstiges
A16: 43313
B17: Laufende Kosten
A19: Datum | B19: Lebensmittel | C19: Kleidung | D19: Kfz-Kosten | E19: Freizeit | F19: Sonstiges | G19: Sonstiges | H19: Gesamt
A20: =A16 -> 43313 | H20: =SUM(B20:G20) -> 0
A21: =A20+1 -> 43314 | H21: =SUM(B21:G21) -> 0
A22: =A21+1 -> 43315 | H22: =SUM(B22:G22) -> 0
A23: =A22+1 -> 43316 | H23: =SUM(B23:G23) -> 0
A24: =A23+1 -> 43317 | H24: =SUM(B24:G24) -> 0
A25: =A24+1 -> 43318 | H25: =SUM(B25:G25) -> 0
A26: =A25+1 -> 43319 | H26: =SUM(B26:G26) -> 0
A27: =A26+1 -> 43320 | H27: =SUM(B27:G27) -> 0
A28: =A27+1 -> 43321 | H28: =SUM(B28:G28) -> 0
A29: =A28+1 -> 43322 | H29: =SUM(B29:G29) -> 0
A30: =A29+1 -> 43323 | H30: =SUM(B30:G30) -> 0
A31: =A30+1 -> 43324 | H31: =SUM(B31:G31) -> 0
A32: =A31+1 -> 43325 | H32: =SUM(B32:G32) -> 0
... A50: =A49+1 -> 43343 | H50: =SUM(B50:G50) -> 0
B51: =SUM(B20:B50) -> 0 | C51: =SUM(C20:C50) -> 0 | D51: =SUM(D20:D50) -> 0 | E51: =SUM(E20:E50) -> 0 | F51: =SUM(F20:F50) -> 0 | G51: =SUM(G20:G50) -> 0 | H51: =SUM(H20:H50) -> 0

Sheet September
A1: Haushaltsbuch
A3: Einnahmen | H3: =SUM(C5:C8)+SUM(F5:G8) -> 0
A5: Lohn/Rente | D5: Miete
A6: Nebenjob | D6: Sonstiges
A7: Kindergeld | D7: Sonstiges
A8: Unterhalt | D8: Sonstiges
A10: Ausgaben Fixkosten | H10: =SUM(C12:C15)+SUM(F12:G15) -> 0
A12: Haus / Miete | D12: Taschengeld
A13: Nebenkosten | D13: Sparverträge
A14: Kfz-Kosten | D14: Sonstiges
A15: Versicherungen | D15: Sonstiges
A16: 43344
B17: Laufende Kosten
A19: Datum | B19: Lebensmittel | C19: Kleidung | D19: Kfz-Kosten | E19: Freizeit | F19: Sonstiges | G19: Sonstiges | H19: Gesamt
A20: =A16 -> 43344 | H20: =SUM(B20:G20) -> 0
A21: =A20+1 -> 43345
A22: =A21+1 -> 43346
A23: =A22+1 -> 43347
A24: =A23+1 -> 43348
A25: =A24+1 -> 43349
A26: =A25+1 -> 43350
A27: =A26+1 -> 43351
A28: =A27+1 -> 43352 | H28: =SUM(B28:G28) -> 0
A29: =A28+1 -> 43353 | H29: =SUM(B29:G29) -> 0
A30: =A29+1 -> 43354 | H30: =SUM(B30:G30) -> 0
A31: =A30+1 -> 43355 | H31: =SUM(B31:G31) -> 0
A32: =A31+1 -> 43356 | H32: =SUM(B32:G32) -> 0
A33: =A32+1 -> 43357 | H33: =SUM(B33:G33) -> 0
A34: =A33+1 -> 43358 | H34: =SUM(B34:G34) -> 0
A35: =A34+1 -> 43359 | H35: =SUM(B35:G35) -> 0
A36: =A35+1 -> 43360 | H36: =SUM(B36:G36) -> 0
A37: =A36+1 -> 43361 | H37: =SUM(B37:G37) -> 0
A38: =A37+1 -> 43362 | H38: =SUM(B38:G38) -> 0
A39: =A38+1 -> 43363 | H39: =SUM(B39:G39) -> 0
... A49: =A48+1 -> 43373 | H49: =SUM(B49:G49) -> 0
H50: =SUM(H20:H49) -> 0

Sheet Oktober
A1: Haushaltsbuch
A3: Einnahmen | H3: =SUM(C5:C8)+SUM(F5:G8) -> 0
A5: Lohn/Rente | D5: Miete
A6: Nebenjob | D6: Sonstiges
A7: Kindergeld | D7: Sonstiges
A8: Unterhalt | D8: Sonstiges
A10: Ausgaben Fixkosten | H10: =SUM(C12:C15)+SUM(F12:G15) -> 0
A12: Haus / Miete | D12: Taschengeld
A13: Nebenkosten | D13: Sparverträge
A14: Kfz-Kosten | D14: Sonstiges
A15: Versicherungen | D15: Sonstiges
A16: 43374
B17: Laufende Kosten
A19: Datum | B19: Lebensmittel | C19: Kleidung | D19: Kfz-Kosten | E19: Freizeit | F19: Sonstiges | G19: Sonstiges | H19: Gesamt
A20: =A16 -> 43374 | H20: =SUM(B20:G20) -> 0
A21: =A20+1 -> 43375 | H21: =SUM(B21:G21) -> 0
A22: =A21+1 -> 43376 | H22: =SUM(B22:G22) -> 0
A23: =A22+1 -> 43377 | H23: =SUM(B23:G23) -> 0
A24: =A23+1 -> 43378 | H24: =SUM(B24:G24) -> 0
A25: =A24+1 -> 43379 | H25: =SUM(B25:G25) -> 0
A26: =A25+1 -> 43380 | H26: =SUM(B26:G26) -> 0
A27: =A26+1 -> 43381 | H27: =SUM(B27:G27) -> 0
A28: =A27+1 -> 43382 | H28: =SUM(B28:G28) -> 0
A29: =A28+1 -> 43383 | H29: =SUM(B29:G29) -> 0
A30: =A29+1 -> 43384 | H30: =SUM(B30:G30) -> 0
A31: =A30+1 -> 43385 | H31: =SUM(B31:G31) -> 0
A32: =A31+1 -> 43386 | H32: =SUM(B32:G32) -> 0
... A50: =A49+1 -> 43404 | H50: =SUM(B50:G50) -> 0
B51: =SUM(B20:B50) -> 0 | C51: =SUM(C20:C50) -> 0 | D51: =SUM(D20:D50) -> 0 | E51: =SUM(E20:E50) -> 0 | F51: =SUM(F20:F50) -> 0 | G51: =SUM(G20:G50) -> 0 | H51: =SUM(H20:H50) -> 0

Sheet November
A1: Haushaltsbuch
A3: Einnahmen | H3: =SUM(C5:C8)+SUM(F5:G8) -> 0
A5: Lohn/Rente | D5: Miete
A6: Nebenjob | D6: Sonstiges
A7: Kindergeld | D7: Sonstiges
A8: Unterhalt | D8: Sonstiges
A10: Ausgaben Fixkosten | H10: =SUM(C12:C15)+SUM(F12:G15) -> 0
A12: Haus / Miete | D12: Taschengeld
A13: Nebenkosten | D13: Sparverträge
A14: Kfz-Kosten | D14: Sonstiges
A15: Versicherungen | D15: Sonstiges
A16: 43405
B17: Laufende Kosten
A19: Datum | B19: Lebensmittel | C19: Kleidung | D19: Kfz-Kosten | E19: Freizeit | F19: Sonstiges | G19: Sonstiges | H19: Gesamt
A20: =A16 -> 43405 | H20: =SUM(B20:G20) -> 0
A21: =A20+1 -> 43406 | H21: =SUM(B21:G21) -> 0
A22: =A21+1 -> 43407 | H22: =SUM(B22:G22) -> 0
A23: =A22+1 -> 43408 | H23: =SUM(B23:G23) -> 0
A24: =A23+1 -> 43409 | H24: =SUM(B24:G24) -> 0
A25: =A24+1 -> 43410 | H25: =SUM(B25:G25) -> 0
A26: =A25+1 -> 43411 | H26: =SUM(B26:G26) -> 0
A27: =A26+1 -> 43412 | H27: =SUM(B27:G27) -> 0
A28: =A27+1 -> 43413 | H28: =SUM(B28:G28) -> 0
A29: =A28+1 -> 43414 | H29: =SUM(B29:G29) -> 0
A30: =A29+1 -> 43415 | H30: =SUM(B30:G30) -> 0
A31: =A30+1 -> 43416 | H31: =SUM(B31:G31) -> 0
A32: =A31+1 -> 43417 | H32: =SUM(B32:G32) -> 0
... A49: =A48+1 -> 43434 | H49: =SUM(B49:G49) -> 0
H50: =SUM(H20:H49) -> 0

Sheet Dezember
A1: Haushaltsbuch
A3: Einnahmen | H3: =SUM(C5:C8)+SUM(F5:G8) -> 0
A5: Lohn/Rente | D5: Miete
A6: Nebenjob | D6: Sonstiges
A7: Kindergeld | D7: Sonstiges
A8: Unterhalt | D8: Sonstiges
A10: Ausgaben Fixkosten | H10: =SUM(C12:C15)+SUM(F12:G15) -> 0
A12: Haus / Miete | D12: Taschengeld
A13: Nebenkosten | D13: Sparverträge
A14: Kfz-Kosten | D14: Sonstiges
A15: Versicherungen | D15: Sonstiges
A16: 43435
B17: Laufende Kosten
A19: Datum | B19: Lebensmittel | C19: Kleidung | D19: Kfz-Kosten | E19: Freizeit | F19: Sonstiges | G19: Sonstiges | H19: Gesamt
A20: =A16 -> 43435 | H20: =SUM(B20:G20) -> 0
A21: =A20+1 -> 43436 | H21: =SUM(B21:G21) -> 0
A22: =A21+1 -> 43437 | H22: =SUM(B22:G22) -> 0
A23: =A22+1 -> 43438 | H23: =SUM(B23:G23) -> 0
A24: =A23+1 -> 43439 | H24: =SUM(B24:G24) -> 0
A25: =A24+1 -> 43440 | H25: =SUM(B25:G25) -> 0
A26: =A25+1 -> 43441 | H26: =SUM(B26:G26) -> 0
A27: =A26+1 -> 43442 | H27: =SUM(B27:G27) -> 0
A28: =A27+1 -> 43443 | H28: =SUM(B28:G28) -> 0
A29: =A28+1 -> 43444 | H29: =SUM(B29:G29) -> 0
A30: =A29+1 -> 43445 | H30: =SUM(B30:G30) -> 0
A31: =A30+1 -> 43446 | H31: =SUM(B31:G31) -> 0
A32: =A31+1 -> 43447 | H32: =SUM(B32:G32) -> 0
... A50: =A49+1 -> 43465 | H50: =SUM(B50:G50) -> 0
B51: =SUM(B20:B50) -> 0 | C51: =SUM(C20:C50) -> 0 | D51: =SUM(D20:D50) -> 0 | E51: =SUM(E20:E50) -> 0 | F51: =SUM(F20:F50) -> 0 | G51: =SUM(G20:G50) -> 0 | H51: =SUM(H20:H50) -> 0

Sheet Jahresübersicht
B1: Jahresübersicht
B2: =Januar!A16 -> 43101
B4: Monat | C4: Einnahmen | D4: Ausgaben | E4: Laufende Kosten | F4: Überschuss / Unterdeckung
B5: Januar | C5: =Januar!H3 -> 0 | D5: =Januar!H10 -> 0 | E5: =Januar!H51 -> 0 | F5: =SUM(C5)-D5-E5 -> 0
B6: Februar | C6: =Februar!H3 -> 0 | D6: =Februar!H10 -> 0 | E6: =Februar!H48 -> 0 | F6: =SUM(C6)-D6-E6 -> 0
B7: März | C7: =März!H3 -> 0 | D7: =März!H10 -> 0 | E7: =März!H51 -> 0 | F7: =SUM(C7)-D7-E7 -> 0
B8: April | C8: =April!H3 -> 0 | D8: =April!H10 -> 0 | E8: =April!H50 -> 0 | F8: =SUM(C8)-D8-E8 -> 0
B9: Mai | C9: =Mai!H3 -> 0 | D9: =Mai!H10 -> 0 | E9: =Mai!H51 -> 0 | F9: =SUM(C9)-D9-E9 -> 0
B10: Juni | C10: =Juni!H3 -> 0 | D10: =Juni!H10 -> 0 | E10: =Juni!H50 -> 0 | F10: =SUM(C10)-D10-E10 -> 0
B11: Juli | C11: =Juli!H3 -> 0 | D11: =Juli!H10 -> 0 | E11: =Juli!H51 -> 0 | F11: =SUM(C11)-D11-E11 -> 0
B12: August | C12: =August!H3 -> 0 | D12: =August!H10 -> 0 | E12: =August!H51 -> 0 | F12: =SUM(C12)-D12-E12 -> 0
B13: September | C13: =September!H3 -> 0 | D13: =September!H10 -> 0 | E13: =September!H50 -> 0 | F13: =SUM(C13)-D13-E13 -> 0
B14: Oktober | C14: =Oktober!H3 -> 0 | D14: =Oktober!H10 -> 0 | E14: =Oktober!H51 -> 0 | F14: =SUM(C14)-D14-E14 -> 0
B15: November | C15: =November!H3 -> 0 | D15: =November!H10 -> 0 | E15: =November!H50 -> 0 | F15: =SUM(C15)-D15-E15 -> 0
B16: Dezember | C16: =Dezember!H3 -> 0 | D16: =Dezember!H10 -> 0 | E16: =Dezember!H51 -> 0 | F16: =SUM(C16)-D16-E16 -> 0
B17: Gesamt | C17: =SUM(C5:C16) -> 0 | D17: =SUM(D5:D16) -> 0 | E17: =SUM(E5:E16) -> 0 | F17: =SUM(F5:F16) -> 0
